 Dungeon Crawl Stone Soup version 0.19-a0-1686-g35356ef (webtiles) character file.

476 st0uf the Skirmisher (level 6, 0/49 HPs)
             Began as a Demonspawn Gladiator on Sept 25, 2016.
             Slain by a howler monkey (6 damage)
             ... on level 4 of the Dungeon.
             The game lasted 00:10:57 (3392 turns).

st0uf the Skirmisher (Demonspawn Gladiator)         Turns: 3392, Time: 00:10:57

Health: 0/49       AC:  8    Str: 17    XL:     6   Next: 84%
Magic:  6/6        EV: 12    Int: 10    God:
Gold:   173        SH:  0    Dex: 13    Spells: 0 memorised, 5 levels left

rFire  . . .     SeeInvis .     a - +0 war axe
rCold  + . .     Gourm    .     e - +0 ring mail
rNeg   . . .     Faith    .     (no shield)
rPois  .         Spirit   .     c - +0 helmet
rElec  .         Dismiss  .     (no cloak)
rCorr  .         Reflect  .     w - +0 pair of gloves
MR     .....     Harm     .     (no boots)
Stlth  +.........               (no amulet)
                                (no ring)
                                (no ring)

@: no status effects
A: hooves 1, cold resistance 1, nightstalker 1
a: no special abilities


You were on level 4 of the Dungeon.
You were hungry.

You visited 1 branch of the dungeon, and saw 4 of its levels.

You collected 173 gold pieces.

Inventory:

Hand Weapons
 a - a +0 war axe (weapon)
Missiles
 d - 3 throwing nets (quivered)
Armour
 c - a +0 helmet (worn)
 e - a +0 ring mail (worn)
 w - a +0 pair of gloves (worn)
Jewellery
 t - an uncursed ring of positive energy {unknown}
Wands
 v - a wand of disintegration (10/24)
Scrolls
 i - 8 scrolls of identify {unknown}
 j - a scroll of enchant weapon {unknown}
 l - 2 scrolls of amnesia {unknown}
 o - a scroll of recharging {unknown}
 r - a scroll of remove curse {unknown}
 u - 2 scrolls of magic mapping {unknown}
Potions
 b - 2 potions of flight {unknown}
 h - a potion of cancellation {unknown}
 k - a potion of haste {unknown}
 m - a potion of lignification {unknown}
 n - 2 potions of mutation {unknown}
 p - a potion of heal wounds {unknown}
 q - a potion of curing {unknown}
 A - a potion of resistance {unknown}
 B - a potion of degeneration {unknown}
 C - a potion of brilliance {unknown}
Comestibles
 f - 4 bread rations
 s - a meat ration
 z - a beef jerky


   Skills:
 * Level 4.7 Fighting
 * Level 4.5 Axes
 - Level 1.7 Throwing
 + Level 2.4 Armour
 + Level 3.5 Dodging


You had 5 spell levels left.
You didn't know any spells.

Dungeon Overview and Level Annotations

Branches:
Dungeon (4/15)
 Temple: D:4-7

Altars:
Dithmenos

Shops:
D:4 (

Annotations:
D:3 exclusion: necrophage
D:4 exclusion: ogre


Innate Abilities, Weirdness & Mutations

You have large cloven feet.
Your flesh is cold resistant. (rC+)
You are slightly more attuned to the shadows.


Message History

You slash the ogre!
You kill the ogre!
You hit the howler monkey. The howler monkey hits you.
* * * LOW HITPOINT WARNING * * *
The howler monkey hits you.
* * * LOW HITPOINT WARNING * * *
The frilled lizard bites you but does no damage.
You hit the howler monkey.
You kick the howler monkey, but do no damage.
The howler monkey is almost dead.
You barely miss the frilled lizard.
The howler monkey hoots and howls with incredible vigour!
The frilled lizard barely misses you.
You hear a shout!
You barely miss the howler monkey. Your kick misses the howler monkey.
The howler monkey is almost dead.
You hit the frilled lizard.
You kill the frilled lizard!
The howler monkey hits you.
You die...

#.## ##.#######
.#..... #........#
...... #.........
..... ##........ ...#
#........ #..#
#........ #h.##
#....#### #@.# #..###
## #).#######...####.
#.....#........#..
##..........#......
#.......#....##...#
#........##....##..#
#........####....#..#
........## #........
........# #........


You could see a howler monkey.

Vanquished Creatures
  2 ogres (D:4)
  A scorpion (D:4)
  An orc wizard (D:4)
  An orc priest (D:4)
  An iguana (D:3)
  Robin (D:4)
  3 adders
  A shadow imp (D:4)
  3 oozes
  2 worms (D:3)
  3 dart slugs (D:1)
  A leopard gecko (D:1)
  6 orcs
  3 giant cockroaches
  26 goblins
  8 hobgoblins
  5 jackals
  11 kobolds
  A quokka (D:3)
  2 ball pythons (D:2)
  5 bats
  7 frilled lizards
  2 leopard gecko skeletons (D:4)
  10 rats
106 creatures vanquished.

Notes
Turn   | Place    | Note
-------+----------+-------------------------------------------
     0 | D:1      | st0uf the Demonspawn Gladiator began the quest for the Orb.
     0 | D:1      | Reached XP level 1. HP: 16/16 MP: 1/1
   209 | D:1      | Gained mutation: You are slightly more attuned to the shadows. [demonic ancestry]
   209 | D:1      | Reached XP level 2. HP: 17/23 MP: 2/2
   479 | D:1      | Reached XP level 3. HP: 26/28 MP: 3/3
   482 | D:1      | Reached skill level 1 in Armour
  1532 | D:2      | Gained mutation: Your flesh is cold resistant. (rC+) [demonic ancestry]
  1532 | D:2      | Reached XP level 4. HP: 35/35 MP: 4/4
  2156 | D:3      | Noticed a necrophage
  2292 | D:3      | Reached XP level 5. HP: 31/41 MP: 5/5
  2562 | D:4      | Noticed an ogre
  2573 | D:4      | Found Sieh's Weapon Emporium.
  2892 | D:4      | Found a shadowy altar of Dithmenos.
  2939 | D:4      | Noticed an ogre
  2945 | D:4      | Gained mutation: You have large cloven feet. [demonic ancestry]
  2945 | D:4      | Reached XP level 6. HP: 39/48 MP: 6/6
  2946 | D:4      | Noticed Robin
  3231 | D:4      | Killed Robin
  3392 | D:4      | Slain by a howler monkey

Vault maps used:
D:1:      mrwooster_arrival_statue_3
D:2:      minmay_unequal
D:3:      first_bread
D:4:      nemelex_xobeh_ov_fountains_minmay, grunt_dithmenos_shadows,
          serial_shops, nicolae_shop_stone, uniq_robin

Skill      XL: |  1  2  3  4  5 |
---------------+----------------+-----
Armour         | 1 2 |  2.4
Axes           | 3 4 |  4.5
Fighting       | 3 4 |  4.7
Dodging        | 3 |  3.5
Throwing       | |  1.7

Action                   |  1- 3 |  4- 6 || total
-------------------------+-------+-------++-------
Melee: War axe           |   137 |   167 ||   304
       Kick              |       |    14 ||    14
 Stab: Sleeping          |     1 |     1 ||     2
  Eat: Chunk             |     2 |     4 ||     6
       Pizza             |       |     1 ||     1
Armor: Leather armour    |     3 |       ||     3
       Ring mail         |    38 |    74 ||   112
Dodge: Dodged            |    92 |   146 ||   238
